 Dungeon Crawl Stone Soup version 0.27.0-1-g7a089689b8 (webtiles) character file.

Game seed: 14941466328406650724

62 Gwenloh the Caller (level 3, 0/26 HPs)
             Began as a Mummy Summoner on Aug 7, 2021.
             Was a Believer of Lugonu.
             Slain by an ufetubus (5 damage)
             ... on level 3 of the Dungeon.
             The game lasted 00:09:00 (3596 turns).

Gwenloh the Caller (Mummy Summoner)                 Turns: 3596, Time: 00:09:00

Health: 0/26       AC:  2    Str: 11    XL:     3   Next: 85%
Magic:  4/7        EV: 12    Int: 15    God:    Lugonu [**....]
Gold:   81         SH:  0    Dex: 12    Spells: 5/8 levels left

rFire    x . .     SeeInvis .   c - +0 dagger
rCold    + . .     Faith    .   (no shield)
rNeg     + + +     Spirit   .   a - +0 robe
rPois    ∞         Reflect  .   (no helmet)
rElec    .         Harm     .   (no cloak)
rCorr    .         Rampage  .   (no gloves)
Will     .....                  (no boots)
Stlth    ++........             (no amulet)
HPRegen  0.08/turn              (no ring)
MPRegen  0.10/turn              (no ring)

@: no status effects
A: cold resistance 1, negative energy resistance 3, torment resistance 2, heat
vulnerability 1, no potions
a: Renounce Religion, Depart the Abyss, Bend Space


You were on level 3 of the Dungeon.
You worshipped Lugonu.
Lugonu was pleased with you.
You visited 1 branch of the dungeon, and saw 3 of its levels.

You collected 81 gold pieces.

Inventory:

Hand Weapons
 c - a +0 dagger (weapon)
Missiles
 d - 2 boomerangs (quivered)
Armour
 a - a +0 robe (worn)
Scrolls
 b - a scroll of fear {unknown}
 e - 2 scrolls of identify {unknown}
 f - a scroll of teleportation {unknown}


   Skills:
 + Level 1.4 Fighting
 + Level 2.1 Dodging
 - Level 1.5 Stealth
 + Level 3.4 Spellcasting
 * Level 3.7 Summonings


You had 5 spell levels left.
You knew the following spells:

 Your Spells              Type           Power      Damage    Failure   Level
a - Summon Small Mammal   Summ           52%        N/A       4%          1
b - Call Imp              Summ           13%        N/A       6%          2

Your spell library contained the following spells:

 Spells                   Type           Power      Damage    Failure   Level
 Call Canine Familiar     Summ           13%        N/A       12%         3
 Sandblast                Erth           4%         2d4       19%         1
 Summon Guardian Golem    Hex/Summ       8%         N/A       26%         3
 Passwall                 Tmut/Erth      1%         N/A       28%         2
 Summon Lightning Spire   Summ/Air       8%         N/A       65%         4
 Lee's Rapid Deconstruct  Erth           1%         3d5*      99%         5


Dungeon Overview and Level Annotations

Branches:
Dungeon (3/15)

Altars:
Lugonu


Innate Abilities, Weirdness & Mutations

You are immune to poison.
Your flesh is cold resistant. (rC+)
You are immune to negative energy. (rN+++)
You are immune to unholy pain and torment.
You are vulnerable to heat. (rF-)
You do not drink.


Message History

Your rat barely misses the ufetubus.
You hit the ufetubus.
The ufetubus is lightly wounded.
The ufetubus closely misses you. The ufetubus completely misses you.
The ufetubus closely misses you. The ufetubus barely misses you.
Your quokka barely misses the ufetubus.
The rat bites your quokka.
Your rat misses the ufetubus. You miss the ufetubus.
The ufetubus is lightly wounded.
The ufetubus hits you. The ufetubus barely misses you.
Your quokka misses the ufetubus. The rat completely misses your quokka.
Your rat bites the ufetubus but does no damage.
You closely miss the ufetubus.
The ufetubus is lightly wounded.
The ufetubus barely misses you. x2; Your quokka bites the ufetubus.
The ufetubus hits you but does no damage.
The ufetubus barely misses you. The rat barely misses your quokka.
Your rat closely misses the ufetubus.
You hit the ufetubus but do no damage.
The ufetubus is heavily wounded.
Your quokka barely misses the ufetubus.
The giant cockroach barely misses you. The ufetubus hits you.
The ufetubus barely misses you. The rat closely misses your quokka.
Your rat closely misses the ufetubus.
You closely miss the ufetubus.
The ufetubus is heavily wounded.
The ufetubus misses you. The ufetubus barely misses you.
Your quokka completely misses the ufetubus.
The giant cockroach misses you. The ufetubus closely misses you.
The ufetubus hits you.
* * * LOW HITPOINT WARNING * * *
The rat bites your quokka.
Your quokka misses the ufetubus.
Your rat barely misses the ufetubus.
The giant cockroach closely misses you.
Your quokka bites the ufetubus.
The rat misses your quokka.
Your rat barely misses the ufetubus.
Casting: Summon Small Mammal (safe; 4% risk of failure)
Confirm with . or Enter, or press ? or * to list all spells.
The ufetubus barely misses you. The ufetubus closely misses you.
Your quokka barely misses the ufetubus.
The giant cockroach misses you. The ufetubus completely misses you.
The ufetubus hits you.
You die...

...... .... # .........). ##.
#............
#...###).#.........
#..................
#......)###........
.......rrr..#......
....#...r5B........
......#..#@r.......
#..........#..##........#
#....# ###...###..#......
#....# #....##...##......
#....# #.#.#.........####
#....###........######
#............##...<.#######...
.....#......####..............
............#######....####


You could see an ufetubus (ally target), a quokka, a giant cockroach (ally
target), a rat, 2 friendly quokkas and a friendly rat (summoned).

Vanquished Creatures
  An adder (D:3)
  An orc (D:3)
  A giant cockroach (D:2)
  2 goblins
  3 hobgoblins
  3 jackals
  3 kobolds
  A ball python (D:3)
  3 bats
  A frilled lizard (D:1)
  3 rats
22 creatures vanquished.

Vanquished Creatures (collateral kills)
  An adder (D:2)
  A worm (D:2)
  2 dart slugs (D:1)
  3 ball pythons
  2 bats (D:1)
  2 endoplasms
  A giant cockroach (D:1)
  3 goblins
  3 hobgoblins
  6 jackals
  A quokka (D:1)
  A frilled lizard (D:2)
  3 kobolds (D:1)
  3 rats (D:1)
32 creatures vanquished.

Grand Total: 54 creatures vanquished

Notes
Turn   | Place    | Note
-------+----------+-------------------------------------------
     0 | D:1      | Gwenloh the Mummy Summoner began the quest for the Orb.
     0 | D:1      | Reached XP level 1. HP: 13/13 MP: 4/4
   426 | D:1      | Reached XP level 2. HP: 15/20 MP: 3/5
   893 | D:1      | Reached skill level 1 in Fighting
  1242 | D:1      | Learned a level 2 spell: Call Imp
  1717 | D:2      | Reached XP level 3. HP: 22/26 MP: 4/7
  3377 | D:3      | Found a faded altar of an unknown god.
  3448 | D:3      | Became a worshipper of Lugonu the Unformed
  3448 | D:3      | Reached * piety under Lugonu
  3448 | D:3      | Reached ** piety under Lugonu
  3596 | D:3      | Slain by an ufetubus

Illustrated notes

Levels and vault maps discovered:
D:1:      dpeg_arrival_connections, layout_basic
D:2:      layout_basic, minmay_curled_crystal, kennysheep_generic_room_10
D:3:      layout_rooms, basic_ecumenical_altar

Skill      XL: |  1  2 |
---------------+-------+-----
Spellcasting   | 3 |  3.4
Fighting       | 1 |  1.4
Dodging        | 2 |  2.1
Stealth        | |  1.5
Summonings     | |  3.7

Action                   || total
-------------------------++-------
Melee: Dagger            ||   152
       Unarmed           ||     1
Throw: Boomerang         ||     2
 Cast: Summon Small Mamm ||    58
       Call Imp          ||     4
 Stab: Distracted        ||     1
       Sleeping          ||     2
Armor: Robe              ||    34
Dodge: Dodged            ||   146
